 Dungeon Crawl Stone Soup version 0.29-a0-866-g0545e20025 (webtiles) character file.

Game seed: 12967419422608824264

63 Malachi the Chiller (level 4, -2/33 HPs)
             Began as a Ghoul Ice Elementalist on July 17, 2022.
             Slain by an adder (4 damage)
             ... on level 3 of the Dungeon.
             The game lasted 00:02:15 (2309 turns).

Malachi the Chiller (Ghoul Ice Elementalist)        Turns: 2309, Time: 00:02:15

Health: -2/33      AC:  2    Str: 11    XL:     4   Next: 10%
Magic:  8/8        EV: 12    Int: 12    God:
Gold:   165        SH:  0    Dex:  9    Spells: 6/10 levels left

rFire   . . .      SeeInvis .   h - +1 trident (venom)
rCold   + . .      Faith    .   (no shield)
rNeg    + + +      Spirit   .   a - +0 robe
rPois   ∞          Reflect  .   (no helmet)
rElec   .          Harm     .   (no cloak)
rCorr   .          Rampage  .   (no gloves)
Will    .....                   (no boots)
Stlth   ++........              p - amulet of the acrobat
HPRegen 0.00/turn               (no ring)
MPRegen 0.11/turn               (no ring)

@: inhibited regen
A: claws 1, cold resistance 1, negative energy resistance 3, inhibited
regeneration, torment resistance 2, devour on kill
a: no special abilities


You were on level 3 of the Dungeon.
You visited 1 branch of the dungeon, and saw 3 of its levels.

You collected 165 gold pieces.

Inventory:

Hand Weapons
 h - a +1 trident of venom (weapon)
Missiles
 d - 3 poisoned darts
Armour
 a - a +0 robe (worn)
Jewellery
 p - an amulet of the acrobat (around neck)
Scrolls
 e - a scroll of teleportation
 i - a scroll of fear
 l - a scroll of fog
 n - a scroll of torment {unknown}
 o - a scroll of amnesia {unknown}
Potions
 b - 2 potions of magic
 c - a potion of ambrosia {unknown}
 f - 2 potions of degeneration {unknown}
 g - a potion of heal wounds {unknown}
 j - a potion of cancellation {unknown}
 k - a potion of curing {unknown}
 m - a potion of flight {unknown}
 q - a potion of berserk rage {unknown}
 r - a potion of haste {unknown}


   Skills:
 - Level 1.7 Dodging
 - Level 2.1 Stealth
 + Level 3.6 Spellcasting
 - Level 4.3 Ice Magic


You had 6 spell levels left.
You knew the following spells:

 Your Spells              Type           Power      Damage    Failure   Level
a - Freeze                Ice            48%        1d7       3%          1
b - Frozen Ramparts       Ice            24%        1d4       12%         3

Your spell library contained the following spells:

 Spells                   Type           Power      Damage    Failure   Level
 Ozocubu's Armour         Ice            12%        N/A       12%         3
 Blink                    Tloc           4%         N/A       34%         2
 Lesser Beckoning         Tloc           2%         N/A       56%         3
 Hailstorm                Conj/Ice       7%         3d4       67%         4
 Manifold Assault         Tloc           2%         N/A       100%        5


Dungeon Overview and Level Annotations

Branches:
Dungeon (3/15)

Altars:


Innate Abilities, Weirdness & Mutations

You are immune to poison.
You have sharp fingernails.
Your flesh is cold resistant. (rC+)
You are immune to negative energy. (rN+++)
You do not regenerate when monsters are visible.
You are immune to unholy pain and torment.
You thrive by killing the living.


Message History

You barely miss the adder.
The adder is moderately wounded.
The adder bites you.
The goblin shoots a sling bullet.
The sling bullet misses you. The adder barely misses you.
You are too injured to fight recklessly!
You are too injured to fight recklessly!
You are too injured to fight recklessly!
You are too injured to fight recklessly!
You are too injured to fight recklessly!
You are too injured to fight recklessly!
You miss the adder.
The adder is moderately wounded.
The goblin shoots a sling bullet.
The sling bullet closely misses you. The adder closely misses you.
You barely miss the adder.
The adder is moderately wounded.
The adder barely misses you.
The goblin shoots a sling bullet.
The sling bullet hits you but does no damage.
The adder closely misses you.
The goblin shoots a sling bullet.
The sling bullet hits you. The adder attacks as you move away!
The adder bites you but does no damage.
The goblin shoots a sling bullet.
The sling bullet misses you. The adder attacks as you move away!
The adder completely misses you. x2
Things that are here:
a +0 war axe; a +0 leather armour The adder attacks as you move away!
The adder completely misses you. The adder bites you.
* * * LOW HITPOINT WARNING * * *
You hit the adder.
The adder is poisoned.
The adder is heavily wounded.
The adder misses you. The adder bites you.
* * * LOW HITPOINT WARNING * * *
You miss the adder.
The adder is heavily wounded.
The adder barely misses you. The adder bites you.
* * * LOW HITPOINT WARNING * * *
You miss the adder.
The adder is heavily wounded.
The adder bites you.
You die...

#######.≈≈≈§§§§§.
............§§...
#######.#########
#)# #.# #.# #.#
#S# #@# #.# #.#
#.# ####.# #....#
#.#### #.# #.#


You could see an adder (very poisoned).

Vanquished Creatures
  3 worms (D:2)
  2 orcs (D:3)
  6 ball pythons
  10 endoplasms
  5 giant cockroaches
  2 goblins
  A hobgoblin (D:2)
  2 quokkas (D:1)
  5 bats
  A frilled lizard (D:2)
  2 kobolds
  9 rats
48 creatures vanquished.

Notes
Turn   | Place    | Note
-------+----------+-------------------------------------------
     0 | D:1      | Malachi the Ghoul Ice Elementalist began the quest for the
                  | Orb.
     0 | D:1      | Reached XP level 1. HP: 14/14 MP: 2/2
   393 | D:1      | Reached XP level 2. HP: 20/20 MP: 0/4
   483 | D:1      | Found a faded altar of an unknown god.
  1138 | D:2      | Reached XP level 3. HP: 26/26 MP: 6/6
  1160 | D:2      | Learned a level 3 spell: Frozen Ramparts
  2135 | D:3      | Reached XP level 4. HP: 33/33 MP: 8/8
  2309 | D:3      | Slain by an adder

Illustrated notes

Levels and vault maps discovered:
D:1:      minmay_arrival_widening_spiral_wide, layout_basic,
          hellmonk_ecumenical_altar_arch_garden, minivault_11,
          serial_bayou_pond_a, amcnicky_mini_pool_small
D:2:      layout_loops_ring, hangedman_abyss_or_decor_lesser_grid,
          grunt_decor_cap
D:3:      layout_loops_ring, mainiacjoe_overflow_brackets

Skill      XL: |  1  2  3 |
---------------+----------+-----
Spellcasting   | 2 3 |  3.6
Dodging        | |  1.7
Stealth        | |  2.1
Ice Magic      | |  4.3

Action                   |  1- 3 |  4- 6 || total
-------------------------+-------+-------++-------
Melee: Trident           |    96 |    23 ||   119
       Unarmed           |     2 |       ||     2
       Punch             |     1 |       ||     1
 Cast: Freeze            |    18 |       ||    18
  Use: Scroll            |     3 |       ||     3
 Stab: Sleeping          |     9 |     1 ||    10
Armor: Robe              |    20 |     8 ||    28
Dodge: Dodged            |    58 |    41 ||    99

Table legend: (Time is in decaauts)
 A = Elapsed time spent in this place.
 B = Non-inter-level travel time spent in this place.
 C = Inter-level travel time spent in this place.
 D = Time resting spent in this place.
 E = Time spent auto-exploring this place.
 F = Levels seen in this place.
 G = Mean time per level.
                   A        B        C        D        E       F      G
               +--------+--------+--------+--------+--------+-----+--------+
         Total |   2343 |   2273 |     70 |    272 |   1592 |   3 |  781.0 |
       Dungeon |   2343 |   2273 |     70 |    272 |   1592 |   3 |  781.0 |
               +--------+--------+--------+--------+--------+-----+--------+

Top non-repeatable levels by time:
     D:2: 1163 daAuts
     D:1: 807 daAuts
     D:3: 372 daAuts
